 Dungeon Crawl Stone Soup version 0.27-a0-1529-g1e82c303ef (webtiles) character file.

Game seed: 9321259207143671759

34447 quinnr the Stormcaller (level 13, -22/72 HPs)
             Began as a Tengu Air Elementalist on July 11, 2021.
             Was an Elder of Vehumet.
             Annihilated by Rupert (27 damage)
             ... while paralysed by Rupert
             ... on level 6 of the Lair of Beasts.
             The game lasted 00:59:58 (24685 turns).

quinnr the Stormcaller (Tengu Air Elementalist)    Turns: 24685, Time: 00:59:59

Health: -22/72     AC:  6    Str: 10    XL:     13   Next: 77%
Magic:  2/25       EV:  2    Int: 29    God:    Vehumet [****..]
Gold:   1110       SH:  0    Dex: 13    Spells: 4/27 levels left

rFire    . . .     SeeInvis +   a - staff of air
rCold    + . .     Faith    .   (no shield)
rNeg     + + .     Spirit   .   U - +2 robe {Will+}
rPois    +         Reflect  .   (helmet restricted)
rElec    +         Harm     .   (no cloak)
rCorr    .         Rampage  .   B - +1 pair of gloves
Will     +....                  (boots unavailable)
Stlth    +++.......             x - amulet of Goas {Acrobat Contam +Inv rPois}
HPRegen  0.22/turn              y - ring of Lust {rC+ rN++ Int+6 Dex-2}
MPRegen  0.19/turn              L - ring of Ejacvud {Int+4 SInv}

@: paralysed, flying quickly and evasively, studying Unarmed Combat, quick
A: beak, talons 3, nimble flight
a: Renounce Religion, Evoke Invisibility


You were on level 6 of the Lair of Beasts.
You worshipped Vehumet.
Vehumet was greatly pleased with you.
You visited 3 branches of the dungeon, and saw 19 of its levels.
You also visited: Sewer and Bailey.

You collected 1577 gold pieces.
You spent 467 gold pieces at shops.

Inventory:

Hand Weapons
 G - the +2 broad axe of Righteous Anger {vorpal, Int+4}
   (You found it in a bailey)

   It inflicts extra damage upon your enemies.
   Int:       It affects your intelligence (+4).
 Y - the +4 whip of the Warrior-Mage {vorpal, rElec rN+ Stlth-}
   (You found it on level 11 of the Dungeon)

   It inflicts extra damage upon your enemies.
   rElec:     It insulates you from electricity.
   rN:        It protects you from negative energy.
   Stlth:     It makes you less stealthy.
Missiles
 k - 67 poisoned darts
 J - 4 throwing nets
 K - 2 curare-tipped darts
 S - 3 silver boomerangs
 W - 7 atropa-tipped darts
Armour
 B - a +1 pair of gloves (worn)
 U - a +2 robe of willpower (worn)
Magical Staves
 a - a staff of air (weapon)
 T - a staff of cold
Jewellery
 o - a +4 ring of protection
 t - a ring of positive energy
 x - the amulet of Goas (around neck) {Acrobat Contam +Inv rPois}
   (You acquired it on level 11 of the Dungeon)

   [amulet of the acrobat]

   It increases your evasion while moving and waiting.
   rPois:     It protects you from poison.
   +Inv:      It lets you turn invisible.
   Contam:    It causes magical contamination when unequipped.
 y - the ring of Lust (left hand) {rC+ rN++ Int+6 Dex-2}
   (You found it on level 4 of the Lair of Beasts)

   [ring of protection from cold]

   Int:       It affects your intelligence (+6).
   Dex:       It affects your dexterity (-2).
   rC:        It protects you from cold.
   rN:        It greatly protects you from negative energy.
 F - a ring of wizardry
 L - the ring of Ejacvud (right hand) {Int+4 SInv}
   (You bought it in a shop on level 8 of the Dungeon)

   [ring of see invisible]

   Int:       It affects your intelligence (+4).
   SInv:      It lets you see invisible.
 M - an amulet of magic regeneration
 N - an amulet of guardian spirit
 Q - a ring of fire
 X - a +4 ring of evasion
Wands
 d - a wand of paralysis (18)
 p - a wand of acid (3)
 z - a wand of iceblast (3)
 I - a wand of flame (29)
 O - a wand of polymorph (9)
 V - a wand of digging (3)
 Z - a wand of charming (6)
Scrolls
 e - a scroll of holy word
 f - 2 scrolls of immolation
 g - 2 scrolls of vulnerability
 l - 5 scrolls of teleportation
 n - 4 scrolls of magic mapping
 u - 3 scrolls of fog
 v - a scroll of enchant armour
 E - 2 scrolls of brand weapon
 H - 4 scrolls of noise
 P - 2 scrolls of fear
 R - 4 scrolls of enchant weapon
Potions
 b - 4 potions of haste
 c - a potion of attraction
 h - 8 potions of curing
 i - 3 potions of magic
 j - 6 potions of heal wounds
 m - 6 potions of might
 q - 5 potions of mutation
 r - a potion of ambrosia
 s - 5 potions of lignification
 w - a potion of resistance
 A - 3 potions of cancellation
 D - a potion of brilliance


   Skills:
 + Level 5.3 Fighting
 - Level 3.2 Armour
 - Level 5.0 Dodging
 - Level 5.0 Stealth
 + Level 7.7 Spellcasting
 - Level 9.0 Conjurations
 - Level 4.0 Translocations
 - Level 5.0 Ice Magic
 - Level 20.5 Air Magic
 - Level 2.0 Poison Magic


You had 4 spell levels left.
You knew the following spells:

 Your Spells              Type           Power      Damage    Failure   Level
a - Shock                 Conj/Air       100%       1d9       0%          1
b - Airstrike             Air            57%        N/A       0%          4
c - Blink                 Tloc           N/A        N/A       1%          2
d - Poisonous Vapours     Pois/Air       100%       N/A       1%          2
e - Mephitic Cloud        Conj/Pois/Air  83%        N/A       1%          3
f - Freezing Cloud        Conj/Ice/Air   43%        6-21      1%          5
g - Swiftness             Air            100%       N/A       0%          3
h - Dazzling Flash        Conj/Hex       74%        N/A       1%          3

Your spell library contained the following spells:

 Spells                   Type           Power      Damage    Failure   Level
 Static Discharge         Conj/Air       98%        N/A       0%          2
 Magic Dart               Conj           100%       1d8       1%          1
 Lesser Beckoning         Tloc           17%        N/A       2%          3
 Sticky Flame             Conj/Fire      37%        2d6       2%          4
 Sting                    Tmut/Pois      64%        1d6       3%          1
 Animate Skeleton         Necr           22%        N/A       4%          1
 Pain                     Necr           44%        1d6       4%          1
 Inner Flame              Hex/Fire       11%        N/A       4%          3
 Olgreb's Toxic Radiance  Pois           22%        N/A       5%          4
 Portal Projectile        Hex/Tloc       44%        N/A       6%          3
 Wereblood                Tmut           11%        N/A       7%          2
 Vampiric Draining        Necr           5%         2d6       14%         3
 Dispel Undead            Necr           11%        3d9       43%         4
 Manifold Assault         Tloc           34%        N/A       26%         5
 Yara's Violent Unravell  Hex/Tmut       5%         3d4       32%         5
 Alistair's Intoxication  Tmut/Pois      10%        N/A       65%         5
 Eringya's Noxious Bog    Tmut/Pois      8%         N/A       71%         6
 Blade Hands              Tmut           5%         N/A       78%         5
 Borgnjor's Vile Clutch   Necr/Erth      5%         N/A       78%         5
 Excruciating Wounds      Necr           5%         N/A       78%         5


Dungeon Overview and Level Annotations

Branches:
Dungeon (12/15)            Temple (1/1) D:6            Lair (6/6) D:10
  Swamp (0/4) Lair:4       Spider (0/4) Lair:3          Orc (0/2) D:12
  Sewer (visited)          Bailey (visited)
  Slime: Lair:5-6

Altars:
Ashenzari
Cheibriados
Dithmenos
Elyvilon
Fedhas
Gozag
Hepliaklqana
Kikubaaqudgha
Makhleb
Nemelex Xobeh
Okawaru
Qazlal
Ru
Sif Muna
Trog
Uskayaw
Vehumet
Wu Jian
Xom
Yredelemnul
Zin
The Shining One

Shops:
D:2 !   D:8 =   D:12 [(

Annotations:
Lair:6 2 transporters, exclusion: door, Laraso's ghost, journeyman SpSu; Rupert


Innate Abilities, Weirdness & Mutations

You have a beak for a mouth.
You have claws for feet.
Your magical nature lets you fly swiftly and evasively.


Message History

Aiming: Iceblast
Press: ? - help, Shift-Dir - straight line, f - Rupert
Aim: Rupert, wielding a +0 vorpal great mace and wearing a +0 leather armour (severely wounded, slow)
The mass of ice explodes!
The iceblast engulfs Rupert!
Rupert is severely wounded.
You feel sick.
Unknown command.
Aiming: Iceblast
Press: ? - help, Shift-Dir - straight line, f/p - Rupert
Aim: Rupert, wielding a +0 vorpal great mace and wearing a +0 leather armour (severely wounded, slow)
The mass of ice explodes!
The iceblast engulfs Rupert!
Rupert is almost dead.
You feel sick.
Rupert looks more energetic.
Rupert looks as if he doubts whether you exists.
Unknown command.
Aiming: Iceblast
Press: ? - help, Shift-Dir - straight line, f/p - Rupert
Aim: Rupert, wielding a +0 vorpal great mace and wearing a +0 leather armour (almost dead)
The mass of ice explodes!
The iceblast engulfs Rupert!
Rupert is almost dead.
You feel sick.
Unknown command.
Aiming: Iceblast
Press: ? - help, Shift-Dir - straight line, f/p - Rupert
Aim: Rupert, wielding a +0 vorpal great mace and wearing a +0 leather armour (almost dead)
The mass of ice explodes!
The iceblast engulfs Rupert!
Rupert is almost dead.
You feel sick.
You hear a croak.
Rupert roars wildly at you.
You suddenly lose the ability to move!
You feel sick. x3
Rupert roars wildly at you.
You easily resist.
You feel sick.
You are no longer poisoned.
Rupert yells loudly at you.
You easily resist.
Rupert hits you with a +0 vorpal great mace!!
You die...

#..##F##..[###... #........###
##.#.....#... #.##.........P#
###.#..##..©.. $.#............
#...#......#..##..#.....#......
##..##S..#. #....#....#.......
##..#Wy..# .lS##.......(....
#.#.#####. ###W##.............
###.....####©###...†..........
#...#.......@@†......#.......
##.###.##.........#.###......
### #######.##P##### #......
###### #...... ###...# #####


You could see Rupert, a komodo dragon, a black mamba and Laraso's ghost.

Vanquished Creatures
  Harold (D:7)
  4 hydras
  A boulder beetle (Lair:4)
  3 two-headed ogres
  Urug (D:11)
  3 bog bodies (Lair:4)
  An orc knight (Bailey)
  4 lindwurms (Lair:4)
  A deep elf pyromancer (D:10)
  2 oklob plants (Lair:3)
  A cyclops (D:11)
  2 manticores
  3 elephants
  2 black mambas
  A torpor snail (Lair:3)
  8 cane toads
  A gargoyle (D:11)
  Maggie (D:7)
  An efreet (D:11)
  9 komodo dragons
  A rime drake (Lair:6)
  2 trolls
  A polar bear (Lair:3)
  2 jumping spiders (Lair:3)
  5 blink frogs (Lair:6)
  3 redbacks (Lair:3)
  2 shadows
  2 wraiths (D:11)
  Eustachio (D:6)
  22 yaks
  3 wyverns
  2 fire bats (Lair:4)
  4 basilisks
  A fire elemental (Lair:4)
  Menkaure (D:7)
  2 swamp worms (Lair:4)
  A floating eye (Lair:3)
  9 water moccasins
  2 ice beasts
  7 orc warriors
  A hornet zombie (D:9)
  A necrophage (D:11)
  A centaur (D:8)
  2 ogres
  3 wolves (D:10)
  2 kobold brigands
  8 bullfrogs
  A scorpion (D:5)
  A wyvern zombie (D:8)
  15 killer bees
  8 wights (D:7)
  5 howler monkeys
  7 electric eels
  2 centaur zombies
  6 hounds
  3 orc priests
  Jessica (D:3)
  5 iguanas
  8 orc wizards
  A killer bee zombie (D:8)
  10 adders
  4 gnolls (D:4)
  An ufetubus (D:5)
  2 dart slugs
  29 orcs
  5 ball pythons
  A bat (D:2)
  10 endoplasms
  4 giant cockroaches
  14 goblins
  6 hobgoblins
  12 jackals
  4 quokkas
  4 frilled lizards
  28 kobolds
  2 rats
  2 bushes (Lair:3)
  A butterfly (Lair:1)
343 creatures vanquished.

Vanquished Creatures (others)
  8 fungi
  35 plants
  3 withered plants
46 creatures vanquished.

Grand Total: 389 creatures vanquished

Notes
Turn   | Place    | Note
-------+----------+-------------------------------------------
     0 | D:1      | quinnr the Tengu Air Elementalist began the quest for the
                  | Orb.
     0 | D:1      | Reached XP level 1. HP: 10/10 MP: 4/4
    69 | D:1      | Found a faded altar of an unknown god.
   197 | D:1      | Reached XP level 2. HP: 15/15 MP: 3/6
   993 | D:2      | Reached skill level 5 in Air Magic
   993 | D:2      | Reached XP level 3. HP: 19/19 MP: 0/7
  1118 | D:2      | Found Naatsak's Distillery.
  1123 | D:2      | Bought a potion of degeneration for 11 gold pieces
  2069 | D:3      | Reached XP level 4. HP: 24/24 MP: 7/9
  2092 | D:3      | Noticed Jessica
  2105 | D:3      | Killed Jessica
  2125 | D:3      | Reached skill level 6 in Air Magic
  2913 | D:4      | Gained mutation: Your magical nature lets you fly swiftly
                  | and evasively. [Tengu growth]
  2913 | D:4      | Reached XP level 5. HP: 24/28 MP: 3/10
  3094 | D:4      | Noticed an ogre
  3140 | D:4      | Killed an ogre
  3141 | D:4      | Reached skill level 7 in Air Magic
  3253 | D:4      | Reached XP level 6. HP: 32/32 MP: 7/11
  3286 | D:4      | Reached skill level 8 in Air Magic
  3652 | D:4      | Learned a level 4 spell: Airstrike
  4128 | D:5      | Entered Level 5 of the Dungeon
  4129 | D:5      | Noticed an ice beast
  4131 | D:5      | Killed an ice beast
  4374 | D:5      | Reached skill level 9 in Air Magic
  4374 | D:5      | Reached XP level 7. HP: 36/36 MP: 3/12
  4658 | D:5      | Reached skill level 10 in Air Magic
  4886 | D:5      | You are sucked into a shaft and drop 1 floor!
  4898 | D:6      | Found a hazy altar of Hepliaklqana.
  4941 | D:6      | Found a glowing drain.
  5022 | Sewer    | Entered a sewer
  6235 | D:6      | Learned a level 2 spell: Blink
  6355 | D:6      | Noticed Eustachio
  6357 | D:6      | Reached XP level 8. HP: 41/41 MP: 1/14
  6602 | D:6      | Found a staircase to the Ecumenical Temple.
  6614 | Temple   | Entered the Ecumenical Temple
  6624 | Temple   | Became a worshipper of Vehumet
  6870 | D:6      | Killed Eustachio
  6871 | D:6      | Reached skill level 1 in Translocations
  7086 | D:7      | Found a flagged portal.
  7109 | D:7      | Learned a level 2 spell: Poisonous Vapours
  7110 | Bailey   | Entered a bailey
  7456 | Bailey   | Identified the +2 broad axe of Righteous Anger {vorpal,
                  | Int+4}
  7516 | Bailey   | Noticed an orc knight
  7677 | Bailey   | Killed an orc knight
  7677 | Bailey   | Reached * piety under Vehumet
  7677 | Bailey   | Offered knowledge of Foxfire by Vehumet.
  7678 | Bailey   | Reached skill level 11 in Air Magic
  7678 | Bailey   | Reached XP level 9. HP: 49/49 MP: 0/16
  7802 | Bailey   | Found an iron altar of Okawaru.
  7906 | D:7      | Noticed Menkaure
  7911 | D:7      | Killed Menkaure
  8054 | D:7      | Noticed Harold
  8075 | D:7      | Reached skill level 12 in Air Magic
  8650 | D:7      | Noticed Maggie
  8663 | D:7      | Killed Maggie
  8664 | D:7      | Reached skill level 13 in Air Magic
  9266 | D:7      | Killed Harold
  9267 | D:7      | Reached skill level 14 in Air Magic
  9396 | D:8      | Reached XP level 10. HP: 56/56 MP: 10/17
  9488 | D:8      | Learned a level 3 spell: Mephitic Cloud
  9494 | D:8      | Learned a level 5 spell: Freezing Cloud
  9623 | D:8      | Found Qakyet's Jewellery Emporium.
  9695 | D:8      | Reached skill level 1 in Poison Magic
  9746 | D:8      | Bought the ring of Ejacvud {Int+4 SInv} for 456 gold pieces
 10139 | D:8      | Offered knowledge of Magic Dart by Vehumet.
 10140 | D:8      | Reached skill level 15 in Air Magic
 10219 | D:8      | Reached ** piety under Vehumet
 10314 | D:8      | Got the Handbook of Flying Heat
 10991 | D:9      | Noticed a two-headed ogre
 11131 | D:9      | Killed a two-headed ogre
 11132 | D:9      | Reached skill level 16 in Air Magic
 11518 | D:9      | Reached skill level 1 in Ice Magic
 11713 | D:10     | Entered Level 10 of the Dungeon
 11976 | D:10     | Found a bloodstained altar of Trog.
 11982 | D:10     | Found a blossoming altar of Fedhas.
 11984 | D:10     | Found an opulent altar of Gozag.
 11985 | D:10     | Found a shimmering altar of Xom.
 12124 | D:10     | Offered knowledge of Searing Ray by Vehumet.
 12131 | D:10     | Reached XP level 11. HP: 19/60 MP: 1/18
 12629 | D:10     | Reached *** piety under Vehumet
 12835 | D:10     | Noticed a two-headed ogre
 12839 | D:10     | Killed a two-headed ogre
 12840 | D:10     | Reached skill level 5 in Spellcasting
 12972 | D:10     | Found a staircase to the Lair.
 13087 | D:10     | Noticed a deep elf pyromancer
 13090 | D:10     | Killed a deep elf pyromancer
 13514 | D:11     | Noticed a two-headed ogre
 13519 | D:11     | Killed a two-headed ogre
 13520 | D:11     | Reached skill level 5 in Dodging
 13520 | D:11     | Reached skill level 5 in Stealth
 13938 | D:11     | Noticed a cyclops
 13944 | D:11     | Killed a cyclops
 14043 | D:11     | Offered knowledge of Conjure Flame by Vehumet.
 14044 | D:11     | Reached skill level 5 in Ice Magic
 14551 | D:11     | Noticed Urug
 14556 | D:11     | Killed Urug
 14562 | D:11     | Identified the +4 whip of the Warrior-Mage {vorpal, rElec
                  | rN+ Stlth-}
 14818 | D:11     | Noticed a manticore
 14822 | D:11     | Killed a manticore
 14875 | D:11     | Identified a scroll of acquirement
 14875 | D:11     | Acquired the amulet of Goas {Acrobat Contam +Inv rPois}
 15022 | D:11     | Acquired a staff of cold
 15250 | D:11     | Learned a level 3 spell: Swiftness
 15380 | D:12     | Found Examebrura's Weapon Shoppe.
 15380 | D:12     | Found a staircase to the Orcish Mines.
 15448 | D:12     | Reached skill level 17 in Air Magic
 15589 | D:12     | Noticed a manticore
 15589 | D:12     | Noticed a death knight
 15614 | D:12     | Killed a manticore
 15615 | D:12     | Reached skill level 1 in Armour
 15733 | D:12     | Found Apywisybb's Armour Shoppe.
 15928 | Lair:1   | Entered Level 1 of the Lair of Beasts
 16114 | Lair:1   | Noticed a five-headed hydra
 16119 | Lair:1   | Killed a five-headed hydra
 16120 | Lair:1   | Reached XP level 12. HP: 66/66 MP: 3/22
 17160 | Lair:1   | Reached skill level 18 in Air Magic
 17245 | Lair:1   | Reached **** piety under Vehumet
 18320 | Lair:2   | Noticed an eight-headed hydra
 18341 | Lair:2   | Killed an eight-headed hydra
 18442 | Lair:2   | Noticed a seven-headed hydra
 18446 | Lair:2   | Killed a seven-headed hydra
 18806 | Lair:2   | Reached skill level 19 in Air Magic
 19268 | Lair:3   | Offered knowledge of Dazzling Flash by Vehumet.
 19273 | Lair:3   | Learned a level 3 spell: Dazzling Flash
 19786 | Lair:3   | Found a hole to the Spider Nest.
 19949 | Lair:3   | Reached XP level 13. HP: 70/70 MP: 8/24
 20266 | Lair:3   | Reached skill level 5 in Conjurations
 21093 | Lair:4   | Reached skill level 20 in Air Magic
 21509 | Lair:4   | Identified the ring of Lust {rC+ rN++ Int+6 Dex-2}
 21798 | Lair:4   | Got the Almanac of Damaging Shape Shifting
 22877 | Lair:4   | Found a staircase to the Swamp.
 23216 | Lair:5   | Found a shimmering blue altar of Sif Muna.
 23988 | Lair:6   | Entered Level 6 of the Lair of Beasts
 24339 | Lair:6   | Noticed a dire elephant
 24339 | Lair:6   | Noticed a dire elephant
 24340 | Lair:6   | Noticed a dire elephant
 24376 | Lair:6   | Reached skill level 5 in Fighting
 24451 | Lair:6   | Found a transporter.
 24455 | Lair:6   | Noticed Laraso's ghost (journeyman SpSu)
 24468 | Lair:6   | Found a transporter.
 24643 | Lair:6   | Noticed Rupert
 24680 | Lair:6   | Paralysed by Rupert for 6 turns
 24681 | Lair:6   | HP: 7/72 [poisoned by a water moccasin]
 24685 | Lair:6   | Annihilated by Rupert

Illustrated notes

Levels and vault maps discovered:
D:1:      saegor_arrival_simple_a, layout_loops_ring,
          chequers_ecumenical_altar_island, minmay_tromino_v4_b
D:2:      layout_rooms, serial_shops, nicolae_shop_stone,
          corexii_leaking_fountain, kennysheep_doodads
D:3:      layout_basic, uniq_jessica
D:4:      layout_gridville
D:5:      layout_cave_pods
D:6:      layout_loops_ring, worldfamousw_hep_ancestral_shrine,
          minmay_temple_entry_statues_pillars, gup_sewer_entry_glass,
          uniq_eustachio
D:7:      layout_loops_ring, enter_bailey_3, uniq_maggie, uniq_harold,
          uniq_menkaure
D:8:      layout_basic, serial_shops, shop
D:9:      layout_gridville, eino_jars
D:10:     layout_loops_corners, grunt_temple_overflow_open, erik_lair_island,
          skrybe_limestone_x
D:11:     layout_stronghold, serial_undead, serial_undead_b, serial_undead_c,
          serial_undead_c, serial_undead_e, uniq_urug
D:12:     layout_grid_maze, orc_david_3,
          hangedman_abyss_or_decor_jellyfish_corner
Temple:   minmay_crystal_spiral_temple
Lair:1:   layout_small_grid, beast_lair_carwin_9, grunt_megastairs_2,
          serial_bayou_shore_a, infiniplex_staircase_pool, lemuel_fruit_fields,
          serial_bayou_shore_b, lemuel_fruit_fields
Lair:2:   beast_lair_carwin_large_2, layout_regular_city
Lair:3:   layout_gridlike, spider_nest_entry_funnel_web, disabler_island
Lair:4:   layout_gridlike, nicolae_swamp_entry_splash_gauntlet,
          minmay_lindwurm_lava
Lair:5:   layout_layer_cave, basic_altar, chequers_serial_rivers_small_3,
          serial_bayou_ford_a
Lair:6:   due_jungle_book, layout_cave_shapes,
          minmay_slime_entry_oklob_enclosed, gammafunk_ghost_berserking_beasts,
          uniq_rupert

Skill      XL: |  1  2  3  4  5  6  7  8  9 10 11 12 13 |
---------------+----------------------------------------+-----
Air Magic      | 5 6 7 9 10 11 14 16 17 19 20 | 20.5
Spellcasting   | 3 4 6 7 |  7.7
Stealth        | 3 5 |  5.0
Conjurations   | 2 4 9 |  9.0
Translocations | 4 |  4.0
Fighting       | 2 3 4 5 |  5.3
Poison Magic   | 2 |  2.0
Ice Magic      | 2 5 |  5.0
Dodging        | 3 5 |  5.0
Armour         | 2 3 |  3.2

Action                   |  1- 3 |  4- 6 |  7- 9 | 10-12 | 13-15 || total
-------------------------+-------+-------+-------+-------+-------++-------
Melee: Unarmed           |     9 |     1 |       |       |       ||    10
       Kick              |     4 |       |     4 |    14 |     5 ||    27
       Club              |       |     1 |     8 |       |       ||     9
       Peck              |       |       |     1 |     5 |     1 ||     7
       Broad axe         |       |       |     3 |    33 |       ||    36
       Whip              |       |       |       |     6 |       ||     6
       Staff             |       |       |       |     6 |    14 ||    20
Throw: Dart              |       |       |     2 |       |       ||     2
 Cast: Shock             |    77 |    75 |   154 |   130 |    33 ||   469
       Airstrike         |       |     4 |    31 |   123 |    41 ||   199
       Poisonous Vapours |       |       |    35 |    46 |    12 ||    93
       Freezing Cloud    |       |       |       |    54 |    49 ||   103
       Mephitic Cloud    |       |       |       |     3 |     1 ||     4
       Dazzling Flash    |       |       |       |       |     2 ||     2
       Blink             |       |       |       |       |     1 ||     1
Evoke: Wand              |       |       |       |     5 |     6 ||    11
  Use: Scroll            |       |       |     9 |    15 |     5 ||    29
 Stab: Sleeping          |       |       |     1 |       |       ||     1
Armor: Robe              |     4 |     1 |    10 |    14 |     3 ||    32
Dodge: Dodged            |     9 |     6 |    34 |   127 |    37 ||   213

Table legend: (Time is in decaauts)
 A = Elapsed time spent in this place.
 B = Non-inter-level travel time spent in this place.
 C = Inter-level travel time spent in this place.
 D = Time resting spent in this place.
 E = Time spent auto-exploring this place.
 F = Levels seen in this place.
 G = Mean time per level.
                   A        B        C        D        E       F      G
               +--------+--------+--------+--------+--------+-----+--------+
         Total |  23596 |  22642 |    954 |   4737 |  15185 |  21 | 1123.6 |
       Dungeon |  14190 |  13528 |    662 |   2668 |   9167 |  12 | 1182.5 |
        Temple |    190 |    115 |     75 |      0 |    112 |   1 |  190.0 |
          Lair |   7810 |   7594 |    216 |   1639 |   5189 |   6 | 1301.7 |
         Sewer |    704 |    704 |      0 |     83 |    532 |   1 |  704.0 |
        Bailey |    700 |    700 |      0 |    345 |    183 |   1 |  700.0 |
               +--------+--------+--------+--------+--------+-----+--------+

Top non-repeatable levels by time:
    D:10: 2139 daAuts
  Lair:4: 1845 daAuts
  Lair:3: 1840 daAuts
    D:11: 1680 daAuts
  Lair:1: 1643 daAuts
     D:6: 1393 daAuts
     D:7: 1371 daAuts
     D:9: 1247 daAuts
     D:4: 1200 daAuts
  Lair:5: 1100 daAuts
     D:1: 1059 daAuts
     D:8: 1049 daAuts
     D:2: 963 daAuts
  Lair:2: 900 daAuts
     D:3: 888 daAuts
